 Dungeon Crawl Stone Soup version 0.27.1-34-g3ba077fa99 (webtiles) character file.

Game seed: 9933915912106954290

16223 Ijustatesigmund the Fighter (level 12, -54/79 HPs)
             Began as a Gargoyle Fighter on Jan 31, 2022.
             Was an Elder of Cheibriados.
             Killed from afar by Frances (70 damage)
             ... with an iron shot
             ... on level 13 of the Dungeon.
             The game lasted 00:20:26 (13479 turns).

Ijustatesigmund the Fighter (Gargoyle Fighter)     Turns: 13479, Time: 00:20:26

Health: -54/79     AC: 25    Str: 31    XL:     12   Next: 35%
Magic:  14/19      EV: 14    Int: 24    God:    Cheibriados [****..]
Gold:   659        SH: 18    Dex: 18    Spells: 11/11 levels left

rFire    . . .     SeeInvis .   a - +6 eveningstar
rCold    . . .     Faith    .   c - +1 kite shield
rNeg     + . .     Spirit   .   n - +2 ring mail {Will+}
rPois    ∞         Reflect  +   v - +2 helmet {Int+3}
rElec    +         Harm     .   (no cloak)
rCorr    .         Rampage  .   (no gloves)
Will     +....                  (no boots)
Stlth    +.........             i - amulet of reflection
HPRegen  0.23/turn              k - +4 ring of protection
MPRegen  0.16/turn              u - +4 ring of evasion

@: very slow
A: sickness immunity, AC +8, negative energy resistance 1, electricity
resistance, torment resistance 1, petrification resistance
a: Renounce Religion, Bend Time, Temporal Distortion, Slouch


You were on level 13 of the Dungeon.
You worshipped Cheibriados.
Cheibriados was greatly pleased with you.
You visited 2 branches of the dungeon, and saw 14 of its levels.

You collected 824 gold pieces.
You spent 165 gold pieces at shops.

Inventory:

Hand Weapons
 a - a +6 eveningstar (weapon)
 e - a +3 flail
Missiles
 m - 8 javelins (quivered)
 z - 3 curare-tipped darts
Armour
 c - a +1 kite shield (worn)
 n - a +2 ring mail of willpower (worn)
 v - a +2 helmet of intelligence (worn)
Jewellery
 i - an amulet of reflection (around neck)
 k - a +4 ring of protection (left hand)
 t - a ring of protection from cold
 u - a +4 ring of evasion (right hand)
Wands
 b - a wand of iceblast (11)
 o - a wand of flame (47)
 q - a wand of charming (14)
 r - a wand of acid (3)
 x - a wand of polymorph (1)
 A - a wand of paralysis (8)
Scrolls
 w - a scroll of blinking
 y - 2 scrolls of fog
Potions
 d - 2 potions of might
 f - 2 potions of brilliance
 g - a potion of lignification
 h - 3 potions of curing
 j - a potion of flight
 p - a potion of cancellation
 s - 2 potions of invisibility {unknown}
 C - a potion of resistance {unknown}


   Skills:
 + Level 10.6 Fighting
 + Level 10.0 Maces & Flails
 - Level 3.4 Throwing
 + Level 8.6 Armour
 - Level 2.4 Dodging
 - Level 5.2 Shields
 + Level 10.4 Invocations
 - Level 5.0 Evocations


You had 11 spell levels left.
You didn't know any spells.
Your spell library contained the following spells:

 Spells                   Type           Power      Damage    Failure   Level
 Corpse Rot               Necr/Air       N/A        N/A       71%         2
 Poisonous Vapours        Pois/Air       0%         N/A       71%         2
 Airstrike                Air            0%         N/A       100%        4
 Dispel Undead            Necr           0%         3d6       100%        4
 Summon Lightning Spire   Summ/Air       0%         N/A       100%        4
 Freezing Cloud           Conj/Ice/Air   0%         6-21      100%        5
 Lightning Bolt           Conj/Air       0%         1d11      100%        5
 Death Channel            Necr           0%         N/A       100%        6


Dungeon Overview and Level Annotations

Branches:
Dungeon (13/15)            Temple (1/1) D:5            Lair (0/6) D:9
    Orc (0/2) D:10
 Vaults: D:13-14

Altars:
Ashenzari
Cheibriados
Dithmenos
Elyvilon
Fedhas
Gozag
Hepliaklqana
Kikubaaqudgha
Makhleb
Nemelex Xobeh
Okawaru
Qazlal
Ru
Sif Muna
Trog
Uskayaw
Vehumet
Wu Jian
Xom
Yredelemnul
Zin
The Shining One

Shops:
D:6 *[

Annotations:
D:7 2 transporters, strmdvr's ghost, novice GnFE
D:11 2 runed translucent doors, hitsuchi's ghost, journeyman PaAK
D:13 Frances


Innate Abilities, Weirdness & Mutations

You are immune to sickness and miasma.
Your stone body is resilient. (AC +8)
You are immune to poison.
You resist negative energy. (rN+)
You are resistant to electric shocks. (rElec)
You are resistant to unholy torment.
You are immune to petrification.


Message History

You block the hellwing's attack. The hellwing misses you.
Frances closely misses you. You block the hellwing's attack.
The hellwing closely misses you.
As you read the scroll of holy word, it crumbles to dust.
You speak a Word of immense power!
The hellwing convulses!
The sun demon convulses!
The ynoxinul convulses!
The ufetubus convulses!
You kill the ufetubus!
The ufetubus disappears in a puff of smoke!
The ufetubus convulses!
You kill the ufetubus!
The ufetubus disappears in a puff of smoke!
You block Frances's attack.
The ynoxinul gestures.
The hellwing is lost in a daze.
The sun demon misses you.
You can feel time thicken for a moment.
You kill the hellwing!
The hellwing disappears in a puff of smoke!
You kill the ynoxinul!
The ynoxinul disappears in a puff of smoke!
The ufetubus disappears in a puff of smoke!
Cheibriados lowers the support of your attributes as your movement quickens.
You block Frances's attack.
Frances chants phrases taken from a devil's mouth.
You block the sun demon's attack.
As you read the scroll of holy word, it crumbles to dust.
You speak a Word of immense power!
The soul eater convulses!
The sun demon convulses!
You kill the sun demon!
The sun demon disappears in a puff of smoke!
The red devil convulses!
Frances closely misses you.
The soul eater is lost in a daze.
You barely miss Frances.
Frances is severely wounded.
Frances closely misses you. Frances hits you with a +0 dire flail!!
* * * LOW HITPOINT WARNING * * *
You block the soul eater's attack.
Frances chants phrases taken from a devil's mouth.
The iron shot hits you!!!
Ouch! That really hurt!
You die...

#.######## ## #.#.#
#........# . #.#.#
########.# ##.
#######.#.# #.# #..
........... #.# #.#
#######.##. #.# #4#
#.##. #.# #B#
########.##.
#.#######@#
#.....(..###
#......@.3# #.########
#### ########### #.#
...# #.# ##.# #.# #.#
#.# #.# #.# #.#
###############.# #.#
#...........)...#
#.#####.###############


You could see Frances (fast) and a soul eater (summoned, dazed).

Vanquished Creatures
  A hydra (D:13)
  Fannar (D:10)
  A boulder beetle (D:11)
  A centaur warrior (D:13)
  Nergalle (D:11)
  Sonja (D:12)
  Urug (D:10)
  Pikel (D:6)
  A deep elf pyromancer (D:12)
  A cyclops (D:11)
  An ugly thing (D:12)
  2 manticores
  2 gargoyles
  An unseen horror (D:11)
  A kobold demonologist (D:11)
  2 trolls
  Grum (D:9)
  3 wraiths
  A wyvern (D:8)
  8 yaks (D:9)
  2 vampires
  3 vampire mosquitoes (D:12)
  A swamp worm (D:11)
  Menkaure (D:5)
  2 acid dragons
  2 water moccasins (D:6)
  A floating eye (D:11)
  7 orc warriors
  2 black bears (D:6)
  3 ice beasts
  3 sky beasts
  A necrophage (D:5)
  2 centaurs (D:7)
  2 ogres
  3 wolves (D:9)
  A lemure (D:6)
  5 kobold brigands
  2 bullfrogs
  Blork the orc (D:5)
  2 gnoll sergeants
  2 scorpions
  9 wights (D:8)
  2 howler monkeys
  3 centaur zombies
  4 hounds
  A jelly (D:6)
  6 orc priests
  2 bullfrog skeletons
  A centaur skeleton (D:6)
  4 iguanas
  7 orc wizards
  A killer bee zombie (D:7)
  9 gnolls
  9 adders
  2 shadow imps
  An ufetubus (D:5)
  2 worms
  8 dart slugs
  38 orcs
  4 ball pythons
  3 bats
  4 endoplasms
  3 giant cockroaches
  11 goblins
  7 hobgoblins
  6 jackals (D:2)
  16 kobolds
  2 quokkas
  2 frilled lizards
  3 rats
250 creatures vanquished.

Vanquished Creatures (collateral kills)
  An orc wizard (D:9)
  An orc (D:9)
  A kobold (D:10)
3 creatures vanquished.

Vanquished Creatures (others)
  A wolf (D:9)
  2 kobold brigands
3 creatures vanquished.

Grand Total: 256 creatures vanquished

Notes
Turn   | Place    | Note
-------+----------+-------------------------------------------
     0 | D:1      | Ijustatesigmund the Gargoyle Fighter began the quest for
                  | the Orb.
     0 | D:1      | Reached XP level 1. HP: 14/14 MP: 1/1
    33 | D:1      | Reached XP level 2. HP: 19/19 MP: 2/2
    33 | D:1      | Found a faded altar of an unknown god.
   304 | D:1      | Reached XP level 3. HP: 24/24 MP: 3/3
   940 | D:2      | Reached XP level 4. HP: 27/29 MP: 4/4
   969 | D:2      | Found a bloodstained altar of Trog.
  1892 | D:3      | Reached XP level 5. HP: 34/34 MP: 5/5
  3480 | D:5      | Entered Level 5 of the Dungeon
  3533 | D:5      | Found a large runed translucent door.
  3534 | D:5      | Found a large runed translucent door.
  3552 | D:5      | Found a hazy altar of Hepliaklqana.
  3552 | D:5      | Noticed a sky beast
  3568 | D:5      | Killed a sky beast
  3569 | D:5      | Reached skill level 5 in Fighting
  3569 | D:5      | Reached skill level 5 in Maces & Flails
  3569 | D:5      | Reached XP level 6. HP: 40/40 MP: 6/6
  3672 | D:5      | Found a sparkling altar of Nemelex Xobeh.
  3693 | D:5      | Noticed a necrophage
  3721 | D:5      | Killed a necrophage
  3819 | D:5      | Reached XP level 7. HP: 42/44 MP: 7/7
  3938 | D:5      | Noticed Blork the orc
  3953 | D:5      | Killed Blork the orc
  4091 | D:5      | Reached skill level 5 in Shields
  4181 | D:5      | Found a staircase to the Ecumenical Temple.
  4201 | D:5      | Found a hide-covered altar of Uskayaw.
  4201 | D:5      | Noticed Menkaure
  4216 | D:5      | Killed Menkaure
  4217 | D:5      | Reached skill level 1 in Dodging
  4217 | D:5      | Reached XP level 8. HP: 25/52 MP: 8/8
  4421 | Temple   | Entered the Ecumenical Temple
  4430 | Temple   | Became a worshipper of Cheibriados the Contemplative
  4762 | D:5      | Found a shadowy altar of Dithmenos.
  4985 | D:6      | Reached skill level 1 in Invocations
  5303 | D:6      | Reached skill level 1 in Evocations
  5329 | D:6      | Reached skill level 1 in Throwing
  5337 | D:6      | Reached XP level 9. HP: 57/57 MP: 11/11
  5433 | D:6      | Found Zin's Purification Station.
  5436 | D:6      | Found a glowing silver altar of Zin.
  5461 | D:6      | Reached * piety under Cheibriados
  5468 | D:6      | Found Qizillue's Armour Emporium.
  5475 | D:6      | Bought a +1 helmet of intelligence for 165 gold pieces
  5821 | D:7      | Noticed Pikel
  5841 | D:6      | Killed Pikel
  5842 | D:6      | Reached skill level 5 in Invocations
  6173 | D:7      | Noticed strmdvr's ghost (novice GnFE)
  6174 | D:7      | Noticed a moth of wrath
  6182 | D:7      | Found a transporter.
  6183 | D:7      | Found a bloodstained altar of Trog.
  6190 | D:7      | Found a transporter.
  6588 | D:7      | Found a bloodstained altar of Trog.
  7332 | D:7      | Reached ** piety under Cheibriados
  7660 | D:8      | Found an ornate altar of the Wu Jian Council.
  7672 | D:7      | Reached XP level 10. HP: 63/63 MP: 13/15
  7685 | D:8      | Reached skill level 5 in Evocations
  7696 | D:8      | Found an iron altar of Okawaru.
  7869 | D:8      | Reached *** piety under Cheibriados
  8488 | D:9      | Found a staircase to the Lair.
  9099 | D:9      | Reached **** piety under Cheibriados
  9100 | D:9      | Reached skill level 5 in Armour
  9244 | D:9      | Noticed Grum
  9271 | D:9      | Killed Grum
  9534 | D:9      | Reached XP level 11. HP: 61/69 MP: 17/17
  9828 | D:10     | Entered Level 10 of the Dungeon
  9846 | D:10     | Found a staircase to the Orcish Mines.
  9921 | D:10     | Noticed Fannar
  9937 | D:10     | Killed Fannar
 10235 | D:10     | Noticed Urug
 10259 | D:10     | Killed Urug
 10446 | D:10     | Found an ancient bone altar of Kikubaaqudgha.
 10791 | D:11     | Found a runed translucent door.
 10791 | D:11     | Noticed a war gargoyle
 10791 | D:11     | Noticed a skeletal warrior
 10792 | D:11     | Noticed a necromancer
 10792 | D:11     | Noticed an ogre mage
 10792 | D:11     | Noticed an ettin
 10793 | D:11     | Noticed a lich
 10794 | D:11     | Noticed a skeletal warrior
 10794 | D:11     | Noticed hitsuchi's ghost (journeyman PaAK)
 10800 | D:11     | Found a runed translucent door.
 10912 | D:11     | Noticed a cyclops
 10913 | D:11     | Noticed a manticore
 10916 | D:11     | Killed a cyclops
 10918 | D:11     | Killed a manticore
 10985 | D:11     | Noticed Nergalle
 10998 | D:11     | Killed Nergalle
 11052 | D:11     | Found a snail-covered altar of Cheibriados.
 11131 | D:11     | Noticed a boulder beetle
 11132 | D:11     | a boulder beetle changed into a swamp worm
 11199 | D:11     | Identified the +8 quarterstaff of Noon {freeze, rPois Str+7
                  | Stlth+}
 11210 | D:11     | Noticed a boulder beetle
 11212 | D:11     | a boulder beetle changed into a floating eye
 11213 | D:11     | Paralysed by a floating eye for 3 turns
 11221 | D:11     | Noticed a boulder beetle
 11231 | D:11     | Killed a boulder beetle
 11399 | D:11     | Noticed a sun demon
 11484 | D:11     | Reached skill level 10 in Fighting
 11619 | D:12     | Noticed a deep elf pyromancer
 11623 | D:12     | Killed a deep elf pyromancer
 11696 | D:12     | Reached ***** piety under Cheibriados
 11702 | D:12     | Reached XP level 12. HP: 70/77 MP: 19/19
 11867 | D:12     | Reached skill level 10 in Invocations
 12119 | D:12     | Identified the +7 battleaxe "Hirr" {drain, rElec rPois
                  | rC+++ Int-2}
 12629 | D:12     | Noticed Sonja
 12630 | D:12     | Killed Sonja
 13361 | D:13     | Noticed a six-headed hydra
 13362 | D:13     | Noticed a centaur warrior
 13368 | D:13     | Killed a six-headed hydra
 13369 | D:13     | Reached skill level 10 in Maces & Flails
 13374 | D:13     | Killed a centaur warrior
 13468 | D:13     | Noticed Frances
 13468 | D:13     | Noticed a boulder beetle
 13475 | D:13     | Noticed a sun demon
 13477 | D:13     | Noticed a soul eater
 13479 | D:13     | Killed from afar by Frances

Illustrated notes

Levels and vault maps discovered:
D:1:      amcnicky_arrival_underground_garden, layout_basic,
          hellmonk_ecumenical_altar_pennies_from_heaven
D:2:      layout_loops_corners, basic_altar
D:3:      layout_loops_corners, serial_aquarium, aquarium_bridge_long_separate
          [aquarium_subvault_bridge, aquarium_subvault_bridge,
          aquarium_subvault_window, aquarium_subvault_bridge,
          aquarium_subvault_bridge, aquarium_subvault_window],
          aquarium_bridge_island_small [aquarium_subvault_small_open,
          aquarium_subvault_wall, aquarium_subvault_wall,
          aquarium_subvault_bridge, aquarium_subvault_bridge],
          aquarium_window_1, aquarium_window_fake, aquarium_window_fake,
          aquarium_window_2, aquarium_view_2d, aquarium_view_2f,
          aquarium_balcony_3b, aquarium_pool_side
D:4:      layout_basic, hangedman_abyss_or_decor_passed, grunt_decor_resistance
D:5:      layout_basic, nicolae_uskayaw_dance_hall, jmf_multi_god_temple2,
          lemuel_round_altar, minmay_temple_entry_arrows, uniq_blork_the_orc,
          uniq_menkaure
D:6:      layout_rooms, zin_purify, serial_shops, shop_statue
D:7:      layout_layer_cave, bloody_trog, gammafunk_ghost_wrathful_warriors,
          uniq_pikel
D:8:      layout_rooms, okawaru_gym_becter,
          mainiacjoe_overflow_concentric_impassable
D:9:      layout_stronghold, lair_entry_dummy, minmay_misc_feat_more_columns,
          minmay_increasing_density, uniq_grum
D:10:     layout_roguey, mainiacjoe_overflow_alcove_2, orc_0_dummy, uniq_fannar,
          uniq_urug
D:11:     layout_roguey, muffindrake_ghost_dual_entry, minmay_fountain_box,
          kennysheep_slug_shrine, uniq_nergalle
D:12:     layout_layer_cave, nicolae_sextant, uniq_sonja
D:13:     layout_loops_ring, uniq_frances, uniq_nessos
Temple:   cyrus_circular_temple

Skill      XL: |  1  2  3  4  5  6  7  8  9 10 11 12 |
---------------+-------------------------------------+-----
Maces & Flails | 3 4 5 6 8 9 10 | 10.0
Fighting       | 4 5 6 7 8 10 | 10.6
Shields        | 4 5 |  5.2
Dodging        | 1 2 |  2.4
Invocations    | 3 6 8 9 10 | 10.4
Evocations     | 1 4 5 |  5.0
Throwing       | 1 3 |  3.4
Armour         | 5 7 8 |  8.6

Action                   |  1- 3 |  4- 6 |  7- 9 | 10-12 || total
-------------------------+-------+-------+-------+-------++-------
Melee: Flail             |   107 |   119 |   131 |   309 ||   666
       Mace              |       |    77 |   229 |       ||   306
       Eveningstar       |       |       |       |   140 ||   140
Throw: Javelin           |       |     3 |       |       ||     3
Invok: Slouch            |       |       |       |     3 ||     3
       Bend Time         |       |       |       |     2 ||     2
Evoke: Wand              |       |     2 |     3 |    13 ||    18
  Use: Scroll            |     1 |     5 |     6 |    10 ||    22
       Potion            |       |       |     1 |     4 ||     5
 Stab: Distracted        |       |       |       |     1 ||     1
Armor: Scale mail        |    56 |    10 |       |       ||    66
       Chain mail        |       |    49 |       |       ||    49
       Ring mail         |       |    43 |   157 |   247 ||   447
       Skin              |       |       |       |     4 ||     4
Dodge: Dodged            |    43 |    35 |   114 |   266 ||   458
Block: Kite shield       |    60 |   130 |   368 |   562 ||  1120
       Reflection        |       |     5 |    11 |    21 ||    37
